 Dungeon Crawl Stone Soup version 0.29-a0-821-g66395355a5 (webtiles) character file.

Game seed: 3199465640812995574

1078 HoaS the Skirmisher (level 8, -4/43 (44) HPs)
             Began as a Kobold Hunter on July 4, 2022.
             Slain by a steam dragon (7 damage)
             ... on level 6 of the Dungeon on July 7, 2022.
             The game lasted 00:10:52 (4786 turns).

HoaS the Skirmisher (Kobold Hunter)                 Turns: 4786, Time: 00:10:53

HP:   -4/43 (44)    AC:  6    Str: 14    XL:     8   Next: 54%
MP:   8/8           EV: 15    Int: 10    God:
Gold: 187           SH:  0    Dex: 21    Spells: 7/7 levels left

rFire   . . .      SeeInvis .   a - +1 shortbow
rCold   + . .      Faith    .   (shield currently unavailable)
rNeg    . . .      Spirit   .   g - +2 leather armour {rC+}
rPois   .          Reflect  .   (no helmet)
rElec   .          Harm     .   (no cloak)
rCorr   .          Rampage  .   (no gloves)
Will    .....                   r - +0 pair of boots
Stlth   +++.......              o - amulet of regeneration
HPRegen 0.94/turn               f - +6 ring of strength
MPRegen 0.11/turn               (no ring)

@: lightly drained
A: small, no large weapons, nightstalker 3
a: no special abilities


You were on level 6 of the Dungeon.
You visited 2 branches of the dungeon, and saw 7 of its levels.

You collected 250 gold pieces.
You spent 63 gold pieces at shops.

Inventory:

Hand Weapons
 a - a +1 shortbow (weapon)
Armour
 g - a +2 leather armour of cold resistance (worn)
 r - a +0 pair of boots (worn)
Jewellery
 f - a +6 ring of strength (left hand)
 o - an amulet of regeneration (around neck)
Wands
 k - a wand of flame (9)
Scrolls
 b - 3 scrolls of immolation
 c - a scroll of blinking
 d - 2 scrolls of poison
 h - 3 scrolls of teleportation
 q - 2 scrolls of vulnerability
Potions
 i - a potion of resistance
 j - a potion of attraction
 l - a potion of berserk rage {unknown}
 m - a potion of curing {unknown}
 n - a potion of lignification {unknown}
 p - 3 potions of mutation


   Skills:
 - Level 2.1 Fighting
 + Level 13.3 Ranged Weapons
 - Level 2.4 Dodging
 - Level 1.3 Stealth


You had 7 spell levels left.
You didn't know any spells.
Your spell library contained the following spells:

 Spells                   Type           Power      Damage    Failure   Level
 Summon Lightning Spire   Summ/Air       0%         N/A       99%         4
 Freezing Cloud           Conj/Ice/Air   0%         6-21      100%        5
 Simulacrum               Ice/Necr       0%         N/A       100%        6
 Storm Form               Tmut/Air       0%         N/A       100%        7
 Maxwell's Capacitive Co  Air            0%         ∞         100%        8
 Chain Lightning          Conj/Air       0%         N/A       100%        9
 Fire Storm               Conj/Fire      0%         5d1       100%        9
 Polar Vortex             Ice            0%         N/A       100%        9
 Shatter                  Erth           0%         3d5*      100%        9


Dungeon Overview and Level Annotations

Branches:
Dungeon (6/15)             Temple (1/1) D:5

Altars:
Ashenzari
Elyvilon
Fedhas
Gozag
Hepliaklqana
Kikubaaqudgha
Nemelex Xobeh
Qazlal
Trog
Uskayaw
Wu Jian
Yredelemnul
The Shining One

Shops:
D:4 [

Annotations:
D:3 1 runed translucent door, Azuvok's ghost, amateur HOFi


Innate Abilities, Weirdness & Mutations

You are small and have problems with some larger weapons.
You are completely attuned to the shadows.


Message History

You shoot an arrow. The arrow hits the steam dragon.
The steam dragon is heavily wounded.
You are engulfed in a cloud of scalding steam.
The steam dragon closely misses you. The steam dragon misses you.
You shoot an arrow. The arrow hits the steam dragon.
The steam dragon is almost dead.
The steam dragon breathes steam at you. The ball of steam hits you!
You are too injured to fight recklessly!
You are too injured to fight recklessly!
You are too injured to fight recklessly!
Fire: a) +1 shortbow
Press: ? - help, Q - select action, (/) - cycle Shift-Dir - straight line, f/p - steam dragon
Aim: a steam dragon (almost dead, 70% to hit)
You shoot an arrow.
The arrow closely misses the steam dragon.
You are engulfed in a cloud of scalding steam.
* * * LOW HITPOINT WARNING * * *
The steam dragon breathes steam at you. The ball of steam misses you.
A kobold comes into view.
It is wielding a +0 short sword and quivering poisoned darts.
You hear a shout!
Okay, then.
Unknown command.
Fire: a) +1 shortbow
Press: ? - help, Q - select action, (/) - cycle Shift-Dir - straight line, f/p - steam dragon
Aim: a steam dragon (almost dead, 70% to hit)
You shoot an arrow.
The arrow hits the steam dragon but does no damage.
The steam dragon is almost dead.
You are engulfed in a cloud of scalding steam.
* * * LOW HITPOINT WARNING * * *
Fire: a) +1 shortbow
Press: ? - help, Q - select action, (/) - cycle Shift-Dir - straight line, f/p - steam dragon
Aim: a steam dragon (almost dead, 70% to hit)
You shoot an arrow.
The arrow closely misses the steam dragon.
You are engulfed in a cloud of scalding steam.
The steam dragon bites you!
You die...

#
###.##
#@....
#D....
+....K
###.##
##


You could see a steam dragon and a kobold.

Vanquished Creatures
  Sigmund (D:2)
  Eustachio (D:5)
  An ogre (D:3)
  2 phantoms
  Blork the orc (D:4)
  A gnoll sergeant (D:5)
  A necrophage (D:4)
  Terence (D:2)
  Jessica (D:3)
  2 iguanas (D:5)
  3 orc wizards (D:4)
  3 gnolls
  6 adders
  A shadow imp (D:5)
  4 worms
  2 dart slugs (D:1)
  9 orcs
  6 ball pythons
  8 endoplasms
  4 giant cockroaches
  5 goblins
  12 hobgoblins
  3 kobolds
  4 quokkas
  5 bats
  4 frilled lizards
  2 rats (D:1)
93 creatures vanquished.

Notes
Turn   | Place    | Note
-------+----------+-------------------------------------------
     0 | D:1      | HoaS the Kobold Hunter began the quest for the Orb.
     0 | D:1      | Reached XP level 1. HP: 12/12 MP: 1/1
    94 | D:1      | Reached XP level 2. HP: 17/17 MP: 2/2
   159 | D:1      | Reached skill level 6 in Ranged Weapons
   509 | D:1      | Reached XP level 3. HP: 21/21 MP: 3/3
   890 | D:1      | Found a faded altar of an unknown god.
  1105 | D:2      | Noticed Sigmund
  1177 | D:2      | Reached skill level 7 in Ranged Weapons
  1261 | D:2      | Reached XP level 4. HP: 25/26 MP: 4/4
  1276 | D:2      | You fall into a shaft and drop 1 floor!
  1316 | D:3      | Noticed Jessica
  1321 | D:3      | Killed Jessica
  1716 | D:2      | Reached XP level 5. HP: 30/30 MP: 5/5
  1819 | D:2      | Noticed Terence
  1825 | D:2      | Killed Terence
  1826 | D:2      | Reached skill level 8 in Ranged Weapons
  2212 | D:2      | Killed Sigmund
  2213 | D:2      | Reached skill level 9 in Ranged Weapons
  2213 | D:2      | Reached XP level 6. HP: 24/35 MP: 6/6
  2300 | D:3      | Identified the +9 long sword "Sutyj" {vorpal, rN+}
  2397 | D:3      | Noticed an ogre
  2412 | D:3      | Killed an ogre
  2413 | D:3      | Reached skill level 10 in Ranged Weapons
  2413 | D:3      | Reached XP level 7. HP: 40/40 MP: 7/7
  2670 | D:3      | Found a runed translucent door.
  2673 | D:3      | Noticed Azuvok's ghost (amateur HOFi)
  2716 | D:3      | Found a white marble altar of Elyvilon.
  3156 | D:4      | Reached skill level 11 in Ranged Weapons
  3248 | D:4      | Found Joxzid's Armour Shop.
  3254 | D:4      | Bought a +0 pair of boots for 63 gold pieces
  3803 | D:5      | Entered Level 5 of the Dungeon
  3929 | D:5      | Noticed Eustachio
  3947 | D:5      | Killed Eustachio
  3948 | D:5      | Reached skill level 12 in Ranged Weapons
  3948 | D:5      | Reached XP level 8. HP: 40/44 MP: 8/8
  4046 | D:5      | Found a staircase to the Ecumenical Temple.
  4058 | Temple   | Entered the Ecumenical Temple
  4418 | D:5      | Noticed Blork the orc
  4454 | D:4      | Upgraded the game from 0.29-a0-802-g34511f41fd to
                  | 0.29-a0-821-g66395355a5
  4465 | D:4      | Killed Blork the orc
  4466 | D:4      | Reached skill level 13 in Ranged Weapons
  4785 | D:6      | HP: 1/43 [steam dragon] (6)]
  4786 | D:6      | Slain by a steam dragon

Illustrated notes

Levels and vault maps discovered:
D:1:      minmay_arrival_arboretum_small, layout_loops_corners,
          shapermc_ecumenical_altar_hornbeckon, minivault_4
D:2:      layout_loops_corners, uniq_sigmund, uniq_terence
D:3:      layout_loops_ring, mainiacjoe_overflow_alcove_2,
          ebering_ghost_inner_flame, uniq_jessica
D:4:      layout_cave_pools, serial_shops, nicolae_lakefront_shop,
          kennysheep_generic_room_6
D:5:      layout_loops_cross, temple_green, uniq_eustachio, uniq_blork_the_orc
D:6:      layout_gridville, vehumet_crystals, lemuel_tele_altar,
          nicolae_overflow_crystal_walls, gammafunk_ghost_nasty_kobolds,
          nicolae_eternal_life, nicolae_concentric_dashed_squares_wild
Temple:   hellmonk_temple_forest_ring

Skill      XL: |  1  2  3  4  5  6  7  8 |
---------------+-------------------------+-----
Ranged Weapons | 6 7 9 10 12 13 | 13.3
Fighting       | |  2.1
Dodging        | |  2.4
Stealth        | |  1.3

Action                   |  1- 3 |  4- 6 |  7- 9 || total
-------------------------+-------+-------+-------++-------
 Fire: Shortbow          |    75 |    65 |   179 ||   319
  Use: Scroll            |       |     5 |     9 ||    14
       Potion            |       |     2 |     2 ||     4
Armor: Leather armour    |    12 |     1 |    27 ||    40
Dodge: Dodged            |    20 |     9 |    61 ||    90

Table legend: (Time is in decaauts)
 A = Elapsed time spent in this place.
 B = Non-inter-level travel time spent in this place.
 C = Inter-level travel time spent in this place.
 D = Time resting spent in this place.
 E = Time spent auto-exploring this place.
 F = Levels seen in this place.
 G = Mean time per level.
                   A        B        C        D        E       F      G
               +--------+--------+--------+--------+--------+-----+--------+
         Total |   4781 |   4650 |    131 |    396 |   3586 |   7 |  683.0 |
       Dungeon |   4615 |   4503 |    112 |    396 |   3452 |   6 |  769.2 |
        Temple |    165 |    146 |     19 |      0 |    134 |   1 |  165.0 |
               +--------+--------+--------+--------+--------+-----+--------+

Top non-repeatable levels by time:
     D:2: 1143 daAuts
     D:1: 984 daAuts
     D:4: 930 daAuts
     D:3: 794 daAuts
     D:5: 754 daAuts
  Temple: 165 daAuts
     D:6: 8 daAuts
